 Dungeon Crawl Stone Soup version 0.18-a0-1639-g7533f42 (webtiles) character file.

102 dohliylev the Skirmisher (level 4, -4/31 HPs)
             Began as a Gargoyle Fighter on Mar 27, 2016.
             Killed from afar by an orc wizard (10 damage)
             ... with a puff of flame
             ... on level 3 of the Dungeon.
             The game lasted 00:09:59 (1952 turns).

dohliylev the Skirmisher (Gargoyle Fighter)         Turns: 1952, Time: 00:10:00

Health: -4/31      AC: 10    Str: 20    XL:     4   Next: 77%
Magic:  4/4        EV:  7    Int:  9    God:
Gold:   114        SH:  9    Dex:  9    Spells: 0 memorised, 3 levels left

rFire  . . .     SeeInvis .     a - +0 war axe
rCold  . . .     Gourm    .     b - +0 scale mail
rNeg   + . .     Faith    .     c - +0 shield
rPois  ∞         Spirit   .     (no helmet)
rElec  +         Dismiss  .     (no cloak)
rCorr  .         Reflect  .     (no gloves)
SustAt .         Harm     .     (no boots)
MR     .....                    (no amulet)
Stlth  ..........               (no ring)
                                (no ring)

@: not resistant to hostile enchantments, extremely unstealthy
A: negative energy resistance 1, electricity resistance, unbreathing,
petrification resistance, rot immunity, AC +3
a: no special abilities


You were on level 3 of the Dungeon.
You were not hungry.

You visited 1 branch of the dungeon, and saw 3 of its levels.

You collected 114 gold pieces.

Inventory:

Hand Weapons
 a - a +0 war axe (weapon)
Missiles
 h - 4 tomahawks of returning (quivered)
Armour
 b - a +0 scale mail (worn)
 c - a +0 shield (worn)
Jewellery
 k - a cursed ring of teleportation {unknown}
Scrolls
 i - 2 scrolls of identify {unknown}
 m - a scroll of fog {unknown}
 n - a scroll of immolation {unknown}
Potions
 d - 2 potions of might
 e - a potion of heal wounds {unknown}
 j - 2 potions of curing {unknown}
 l - 2 potions of degeneration {unknown}
Comestibles
 f - 5 bread rations
 g - a chunk of flesh


   Skills:
 + Level 5.4 Fighting
 - Level 1.7 Axes
 - Level 3.7 Armour
 - Level 3.4 Shields


You had 3 spell levels left.
You didn't know any spells.

Dungeon Overview and Level Annotations

Branches:
Dungeon (3/15)

Altars:
Yredelemnul

Annotations:
D:3 dohliylev's ghost, amateur GrFi


Innate Abilities, Weirdness & Mutations

You are resistant to torment.
Your stone body is resilient (AC +3).
You are immune to poison.
You resist negative energy.
You are resistant to electric shocks.
You can survive without breathing.
You are immune to petrification.
You are immune to rotting.


Message History

The orc wizard hits you but does no damage.
You closely miss the orc wizard.
The orc wizard is severely wounded.
You block the orc wizard's attack.
The orc wizard hits you but does no damage.
You barely miss the orc wizard.
The orc wizard is severely wounded.
The orc wizard barely misses you.
You hit the orc wizard.
The orc wizard is severely wounded.
You block the orc wizard's attack.
The orc wizard hits you but does no damage.
You hit the orc wizard but do no damage.
The orc wizard is severely wounded.
You block the orc wizard's attack.
You hit the orc wizard but do no damage.
The orc wizard is severely wounded.
The orc wizard gestures at you while chanting.
The puff of flame hits you!
You die...

######o##### .. #.#
##.# #.# ... #o# ..
###.### #.## #.....# .
#..# #.o...#
....#####.######.....#
.......<...@o........#
...........)[..#.....#
######.........#.....#
#.........#.....#
#.........#######
###########


You could see an orc wizard.

Vanquished Creatures
  2 adders (D:2)
  An ooze (D:2)
  4 worms
  3 dart slugs
  3 giant geckos
  3 orcs (D:3)
  2 giant cockroaches
  12 goblins
  5 hobgoblins
  3 jackals (D:1)
  A kobold (D:1)
  A ball python (D:2)
  4 bats
  2 giant newts
  2 gnoll zombies (D:2)
  6 rats
54 creatures vanquished.

Notes
Turn   | Place    | Note
--------------------------------------------------------------
     0 | D:1      | dohliylev the Gargoyle Fighter began the quest for the Orb.
     0 | D:1      | Reached XP level 1. HP: 14/14 MP: 1/1
    95 | D:1      | Reached XP level 2. HP: 6/19 MP: 2/2
   533 | D:1      | Reached skill level 4 in Fighting
   693 | D:1      | Reached XP level 3. HP: 24/24 MP: 3/3
  1221 | D:2      | Reached XP level 4. HP: 22/30 MP: 4/4
  1357 | D:2      | Reached skill level 5 in Fighting
  1667 | D:2      | Found a basalt altar of Yredelemnul.
  1790 | D:3      | Noticed dohliylev's ghost (amateur GrFi)
  1952 | D:3      | Killed from afar by an orc wizard

Vault maps used:
D:1:      nicolae_arrival_washed_ashore
D:2:      lemuel_zombie_altar_yredelemnul, first_bread, minmay_parallelograms,
          minmay_fountain_box, amethyst_killhole
D:3:      uniq_grinder, uniq_iyjb

Skill      XL: |  1  2  3  4 |
---------------+-------------+-----
Fighting       | 4 5 |  5.4
Axes           | |  1.7
Armour         | |  3.7
Shields        | |  3.4

Action                   |  1- 3 |  4- 6 || total
-------------------------+-------+-------++-------
Melee: War axe           |   139 |   117 ||   256
  Eat: Chunk             |     1 |     3 ||     4
